 Dungeon Crawl Stone Soup version 0.31-a0-986-g5e6e4ef867 (webtiles) character file.

Game seed: 610982383025244143

39 timneilson the Ruffian (level 3, -1/23 HPs)
             Began as an Octopode Shapeshifter on Nov 12, 2023.
             Slain by Grinder (2 damage)
             ... on level 3 of the Dungeon.
             The game lasted 00:01:40 (2019 turns).

timneilson the Ruffian (Octopode Shapeshifter)      Turns: 2019, Time: 00:01:41

Health: -1/23      AC:  1    Str: 15    XL:     3   Next: 47%
Magic:  3/4        EV: 13    Int: 12    God:
Gold:   259        SH:  0    Dex: 11    Spells: 3/3 levels left

rFire   . .          .
                       - Unarmed
rCold   + . .        (no shield)
rNeg    . . .        (helmet currently unavailable)
rPois   .            (no amulet)
rElec   .            h - ring of protection from cold
rCorr   .            (no ring)
SInv    .            (no ring)
Will    .....        (no ring)
Stlth   +++          (no ring)
HPRegen 0.23/turn    (no ring)
MPRegen 0.09/turn    (no ring)
                     (no ring)

%: no passive effects
@: beast-form
A: beast (slay +1), almost no armour, amphibious, 8 rings, camouflage 1,
gelatinous body 1, (nimble swimmer 1), tentacles
a: Begin Untransformation


You were on level 3 of the Dungeon.
You were a hulking beast.
You visited 1 branch of the dungeon, and saw 3 of its levels.

You collected 259 gold pieces.

Inventory:

Jewellery
 h - a ring of protection from cold (left tentacle)
Talismans
 b - a beast talisman
 c - a flux talisman
Scrolls
 d - a scroll of noise {unknown}
 f - a scroll of blinking
 g - 2 scrolls of identify
Potions
 a - a potion of lignification
 e - a potion of haste {unknown}


   Skills:
 * Level 1.5 Fighting
 * Level 2.3 Dodging
 + Level 1.2 Stealth
 * Level 3.2 Unarmed Combat
 + Level 0.7 Spellcasting
 * Level 3.2 Shapeshifting


You had 3 spell levels left.
You didn't know any spells.
Your spell library contained the following spells:

 Spells                   Type           Power      Damage    Failure   Level
 Ensorcelled Hibernation  Hex/Ice        0%         N/A       43%         2
 Passwall                 Tmut/Erth      0%         N/A       43%         2
 Swiftness                Air            0%         N/A       67%         3


Dungeon Overview and Level Annotations

Branches:
Dungeon (3/15)

Altars:

Annotations:
D:3 Grinder


Innate Abilities, Weirdness & Mutations

You are a hulking beast.
Your limbs bulge with bestial killing power. (Slay +1)
You cannot wear most types of armour.
You are amphibious.
You can wear up to eight rings at the same time.
Your skin changes colour to match your surroundings (Stealth+).
Your rubbery body absorbs attacks. (AC +1, EV +1)
((You are camouflaged when in or above water. (Stealth+)))
You have tentacles for arms and can constrict up to eight enemies at once.


Message History

Found 14 gold pieces.
An orc comes into view. It is wielding a +0 hand axe.
The quokka barely misses you.
You closely miss the quokka. You grab the quokka. You constrict the quokka.
Grinder shouts!
You hear an angry hiss.
The quokka misses you.
The orc shouts!
You tentacle-slap the quokka. You squeeze the quokka.
You kill the quokka!
Found an escape hatch in the ceiling.
Grinder gestures at you. Pain shoots through your body!
Ouch! That really hurt!
You are too injured to fight recklessly!
You are too injured to fight recklessly!
You are too injured to fight recklessly!
You are too injured to fight recklessly!
You are too injured to fight recklessly!
You are too injured to fight recklessly!
You are too injured to fight recklessly!
You are too injured to fight recklessly!
You are too injured to fight recklessly!
You are too injured to fight recklessly!
You are too injured to fight recklessly!
You are too injured to fight recklessly!
You are too injured to fight recklessly!
You are too injured to fight recklessly!
You are too injured to fight recklessly!
Unknown command.
An endoplasm comes into view.
You completely miss Grinder.
The endoplasm quivers.
Your grab misses Grinder. Grinder gestures at you.
Pain shoots through your body!
You barely miss Grinder. Your grab misses Grinder. Grinder hits you!
* * * LOW HITPOINT WARNING * * *
You writhe in agony.
You die...
Grinder says, "Now the real fun starts!"

..#.##...## #...#.#
##.#......## #...#.#
..........#. #...#..
.#.#.#....#.
#$....###.#........#.
#.....#.. #........#.
#.....#.# #..........
..##...o.#.###.#........
.J....5h.......#.#..#...
#####.##.#..........#...
# .........###..#...
###.#####.#........ #.#
#.#........ #..
#.#..###### ### #.#..#
#.#..# #.#..#


You could see Grinder, an orc and an endoplasm.

Vanquished Creatures
  2 dart slugs (D:1)
  3 ball pythons
  2 bats (D:2)
  3 endoplasms
  A giant cockroach (D:1)
  3 goblins (D:1)
  2 hobgoblins
  4 jackals (D:2)
  3 kobolds
  2 quokkas
  3 frilled lizards
  3 rats
31 creatures vanquished.

Notes
Turn   | Place    | Note
-------+----------+-------------------------------------------
     0 | D:1      | timneilson the Octopode Shapeshifter began the quest for
                  | the Orb.
     0 | D:1      | Reached XP level 1. HP: 13/13 MP: 1/1
   148 | D:1      | Reached XP level 2. HP: 18/18 MP: 2/2
  1034 | D:2      | Reached XP level 3. HP: 23/23 MP: 3/3
  1581 | D:2      | Reached skill level 1 in Stealth
  2012 | D:3      | Noticed Grinder
  2019 | D:3      | HP: 1/23 [Grinder (9)]
  2019 | D:3      | Slain by Grinder

Illustrated notes

Levels and vault maps discovered:
D:1:      dpeg_arrival_signposts, layout_basic, minmay_gold_behind_fungi
D:2:      layout_basic
D:3:      layout_basic, grunt_temple_overflow_lords_of_destruction, uniq_ijyb,
          uniq_grinder

Skill      XL: |  1  2  3 |
---------------+----------+-----
Stealth        | 1 |  1.2
Fighting       | |  1.5
Dodging        | |  2.3
Unarmed Combat | |  3.2
Spellcasting   | |  0.7
Shapeshifting  | |  3.2

Action                     || total
---------------------------++-------
  Melee: Unarmed           ||    53
         Constrict         ||    17
         Tentacles         ||    11
    Use: Scroll            ||     4
   Stab: Sleeping          ||     4
 Armour: Skin              ||    13
  Dodge: Dodged            ||    20

Table legend: (Time is in decaauts)
 A = Elapsed time spent in this place.
 B = Non-inter-level travel time spent in this place.
 C = Inter-level travel time spent in this place.
 D = Time resting spent in this place.
 E = Time spent auto-exploring this place.
 F = Levels seen in this place.
 G = Mean time per level.
                   A        B        C        D        E       F      G
               +--------+--------+--------+--------+--------+-----+--------+
         Total |   2015 |   1928 |     87 |      0 |   1727 |   3 |  671.7 |
       Dungeon |   2015 |   1928 |     87 |      0 |   1727 |   3 |  671.7 |
               +--------+--------+--------+--------+--------+-----+--------+

Top non-repeatable levels by time:
     D:2: 1073 daAuts
     D:1: 802 daAuts
     D:3: 138 daAuts
